 Dungeon Crawl Stone Soup version 0.31-a0-214-gb37851dbb3 (webtiles) character file.

Game seed: 11870929141804582056

38186 porpoise the Transmogrifier (level 14, -2/108 HPs)
             Began as a Merfolk Enchanter on July 1, 2023.
             Was a High Priest of Dithmenos.
             Slain by a skyshark (6 damage)
             ... on level 4 of the Lair of Beasts on July 2, 2023.
             The game lasted 01:46:53 (19334 turns).

porpoise the Transmogrifier (Merfolk Enchanter)    Turns: 19334, Time: 01:46:53

Health: -2/108     AC: 13    Str: 10    XL:     14   Next: 1%
Magic:  24/24      EV: 17    Int: 20    God:    Dithmenos [*****.]
Gold:   841        SH:  0    Dex: 14    Spells: 13/26 levels left

rFire   . . .        a - +2 dagger (drain)
rCold   . . .        (no shield)
rNeg    + + .        D - +3 robe of the Blind Marksman {rN+ Regen+ Int+2}
rPois   .            x - +0 helmet
rElec   .            g - +2 cloak
rCorr   .            W - +0 pair of gloves
SInv    .            s - +2 pair of boots {Stlth+}
Will    ++...        q - amulet of regeneration
Stlth   +++++++++    p - ring of positive energy
HPRegen 1.98/turn    v - ring of willpower
MPRegen 0.19/turn

%: no passive effects
@: about to teleport, wreathed by umbra
A: (nimble swimmer 2), mertail
a: Renounce Religion, Shadow Step, Shadow Form


You were on level 4 of the Lair of Beasts.
You worshipped Dithmenos.
Dithmenos was extremely pleased with you.
You visited 3 branches of the dungeon, and saw 18 of its levels.

You collected 1096 gold pieces.
You spent 255 gold pieces at shops.

Inventory:

Hand Weapons
 a - a +2 dagger of draining (weapon)
 w - a +2 falchion of electrocution
Missiles
 b - 19 poisoned darts (quivered)
Armour
 g - a +2 cloak (worn)
 s - a +2 pair of boots of stealth (worn)
 x - a +0 helmet (worn)
 D - the +3 robe of the Blind Marksman (worn) {rN+ Regen+ Int+2}
   (You found it on level 3 of the Lair of Beasts)

   Int:       It affects your intelligence (+2).
   rN:        It protects you from negative energy.
   Regen:     It increases your rate of health regeneration.
 W - a +0 pair of gloves (worn)
Jewellery
 p - a ring of positive energy (left hand)
 q - an amulet of regeneration (around neck)
 v - a ring of willpower (right hand)
Wands
 B - a wand of iceblast (33)
 O - a wand of flame (36)
 R - a wand of digging (2)
 V - a wand of charming (16)
 Z - a wand of quicksilver (9)
Scrolls
 e - a scroll of fear
 k - 3 scrolls of fog
 n - a scroll of butterflies
 o - 5 scrolls of vulnerability
 A - 2 scrolls of revelation
 F - 2 scrolls of blinking
 M - 4 scrolls of teleportation
Potions
 c - a potion of invisibility
 f - 3 potions of ambrosia
 h - 3 potions of berserk rage
 i - 2 potions of cancellation
 j - 2 potions of heal wounds
 l - 5 potions of lignification
 m - 10 potions of curing
 t - 2 potions of enlightenment
 z - 2 potions of haste
 I - a potion of resistance
 J - a potion of magic {unknown}
 P - 4 potions of might
 Q - a potion of brilliance
 Y - 3 potions of attraction {unknown}
Miscellaneous
 d - a condenser vane
 y - a phantom mirror
 X - a phial of floods


   Skills:
 - Level 9.0 Fighting
 - Level 10.0 Short Blades
 - Level 3.0 Armour
 + Level 10.8 Dodging
 - Level 10.0 Stealth
 + Level 6.9 Spellcasting
 - Level 5.0 Conjurations
 - Level 9.0 Hexes
 + Level 12.5 Transmutations
 - Level 5.0 Ice Magic
 - Level 5.0 Evocations


You had 13 spell levels left.
You knew the following spells:

 Your Spells              Type           Power      Damage    Failure   Level
a - Confusing Touch       Hex            42%        N/A       1%          3
e - Ensorcelled Hibernat  Hex/Ice        68%        N/A       1%          2
r - Irradiate             Conj/Tmut      21%        3d18      7%          5
t - Tukima's Dance        Hex            42%        N/A       1%          3

Your spell library contained the following spells:

 Spells                   Type           Power      Damage    Failure   Level
 Freeze                   Ice            100%       1d10      1%          1
 Dazzling Flash           Conj/Hex       68%        N/A       1%          3
 Blade Hands              Tmut           27%        N/A       1%          5
 Frozen Ramparts          Ice            52%        1d8       3%          3
 Hailstorm                Conj/Ice       26%        3d7       3%          3
 Summon Guardian Golem    Hex/Summ       24%        N/A       4%          3
 Poisonous Vapours        Pois/Air       12%        N/A       14%         2
 Mephitic Cloud           Conj/Pois/Air  13%        N/A       14%         3
 Gell's Gravitas          Tloc           6%         N/A       28%         3
 Teleport Other           Tloc           6%         N/A       28%         3
 Dragon Form              Tmut           27%        N/A       43%         7
 Freezing Cloud           Conj/Ice/Air   10%        6-21      56%         5
 Dispersal                Tloc           3%         N/A       100%        6
 Orb of Destruction       Conj           13%        9d7       100%        7
 Spellforged Servitor     Conj/Summ      8%         N/A       100%        7


Dungeon Overview and Level Annotations

Branches:
Dungeon (12/15)            Temple (1/1) D:5            Lair (5/5) D:11
 Shoals (0/4) Lair:2       Spider (0/4) Lair:3        Slime (0/5) Lair:4
    Orc (0/2) D:12

Altars:
Ashenzari
Cheibriados
Dithmenos
Elyvilon
Fedhas
Gozag
Hepliaklqana
Kikubaaqudgha
Makhleb
Nemelex Xobeh
Okawaru
Qazlal
Ru
Sif Muna
Trog
Uskayaw
Vehumet
Wu Jian
Xom
Yredelemnul
Zin
The Shining One
Jiyva

Shops:
D:5 *==[=   D:6 *

Annotations:
D:5 2 runed translucent doors, Leavold's ghost, amateur TeAE
D:7 3 runed translucent doors, rabbitsville's ghost, novice HOFi
D:8 2 runed translucent doors, exclusion: orange crystal statue


Innate Abilities, Weirdness & Mutations

((You are very nimble when in or above water. (Stealth+, EV+, Speed+++)))
Your lower body shifts to a powerful aquatic tail in water.


Message History

The skyshark tastes blood and grows stronger!
The skyshark tail-slaps you! x2
You hear an angry hiss.
You barely miss the skyshark.
You punch the skyshark, but do no damage.
The dream sheep ruffle their wool and motes of dream dust sparkle, to no effect.
The catoblepas gores you!
A yak comes into view.
The dream sheep shake their wool and sparkle.
You feel drowsy...
You fall asleep.
The skyshark bites you.
You wake up.
The skyshark enters a blood-rage!
The skyshark tail-slaps you but does no damage.
The skyshark tail-slaps you.
A yak comes into view.
The catoblepas gores you!!
A yak comes into view.
The dream sheep misses you.
A yak comes into view.
The yak bellows!
There is a stone staircase leading up, spattered with blood here.
The skyshark closely misses you. The skyshark completely misses you.
The skyshark tail-slaps you. The skyshark closely misses you.
The skyshark tail-slaps you! The skyshark closely misses you.
The catoblepas gores you!!
* * * LOW HITPOINT WARNING * * *
The dream sheep misses you.
You climb upwards.
There is a stone staircase leading down here.
As you read the scroll of teleportation, it crumbles to dust.
You feel strangely unstable. The skyshark closely misses you.
The skyshark tail-slaps you!
* * * LOW HITPOINT WARNING * * *
The skyshark misses you. The dream sheep closely misses you.
The catoblepas breathes a plume of calcifying dust at you.
The blast of calcifying dust hits you but does no damage.
The dream sheep attacks as you move away!
The dream sheep barely misses you. The skyshark bites you!
* * * LOW HITPOINT WARNING * * *
The skyshark tail-slaps you.
You die...

#..........## ###.....
#..........## #.......
#...........###......)
#...........##........
#..........####.......
#.........#.###.......
##........##..........
#...lYY..##..#.......
###.@§...####.......#
#..§...# ##....##.
#..§..## ##..####
####.## ##.#### ###
##.#.. ##.## #..# ###.
##.


You could see a catoblepas, a skyshark (berserk) and a dream sheep.

Vanquished Creatures
  A hydra (Lair:4)
  Erica (D:8)
  A catoblepas (Lair:4)
  4 two-headed ogres
  2 skysharks
  2 harpies (Lair:2)
  Pikel (D:4)
  2 deep elf pyromancers (D:12)
  An ugly thing (D:12)
  A cyclops (D:11)
  A manticore (D:11)
  9 cane toads
  2 gargoyles
  4 rime drakes
  4 komodo dragons
  5 trolls
  A hornet (D:10)
  2 dream sheep (Lair:5)
  7 slime creatures
  A culicivora (Lair:3)
  2 shadows
  8 wyverns
  72 yaks
  4 basilisks
  3 steam dragons
  4 vampire mosquitoes (D:12)
  A warg (D:12)
  Menkaure (D:7)
  3 acid dragons
  9 water moccasins
  6 orc warriors
  2 ice beasts
  A sky beast (D:6)
  A black bear (D:7)
  15 wolves
  3 phantoms
  15 centaurs
  A lemure (D:4)
  16 bullfrogs
  2 kobold brigands (D:10)
  A gnoll sergeant (D:11)
  2 scorpions
  19 wights
  2 killer bees (D:8)
  2 howler monkeys
  Crazy Yiuf (D:3)
  5 jellies
  A sleepcap (D:6)
  3 orc priests
  A gnoll bouda (D:6)
  3 hounds
  Ijyb (D:4)
  2 iguanas
  11 orc wizards
  Robin (D:3)
  8 gnolls
  10 adders
  A white imp (D:8)
  3 dart slugs
  25 orcs
  4 endoplasms
  3 giant cockroaches
  7 goblins (D:3)
  11 hobgoblins
  8 jackals
  17 kobolds
  3 quokkas
  4 ball pythons
  3 bats
  A frilled lizard (D:1)
  3 rats
  A butterfly (Lair:3)
388 creatures vanquished.

Vanquished Creatures (collateral kills)
  Sigmund (D:3)
  A gnoll (D:11)
2 creatures vanquished.

Vanquished Creatures (others)
  4 dancing weapons
  3 centaurs (D:12)
  A killer bee (D:8)
8 creatures vanquished.

Grand Total: 398 creatures vanquished

Notes
Turn   | Place    | Note
-------+----------+-------------------------------------------
     0 | D:1      | porpoise the Merfolk Enchanter began the quest for the Orb.
     0 | D:1      | Reached XP level 1. HP: 13/13 MP: 3/3
   326 | D:1      | Reached XP level 2. HP: 19/19 MP: 5/5
   339 | D:1      | Learned a level 2 spell: Ensorcelled Hibernation
   683 | D:2      | Reached skill level 1 in Ice Magic
   683 | D:2      | Reached XP level 3. HP: 24/24 MP: 3/6
   687 | D:2      | Learned a level 3 spell: Confusing Touch
  1212 | D:2      | Reached XP level 4. HP: 30/30 MP: 4/7
  1216 | D:2      | Learned a level 3 spell: Tukima's Dance
  1534 | D:3      | Noticed Robin
  1624 | D:3      | Noticed Sigmund
  1962 | D:3      | Reached XP level 5. HP: 35/35 MP: 2/9
  2165 | D:3      | Identified the +6 war axe of the Foremost Spines {speed,
                  | rPois Int+3}
  2197 | D:3      | Killed Robin
  2320 | D:3      | Identified the +8 hand axe of Conscience {heavy, Str-2
                  | Int+2 Dex+3}
  2373 | D:3      | Killed Sigmund
  2374 | D:3      | Reached skill level 5 in Stealth
  2374 | D:3      | Reached XP level 6. HP: 41/41 MP: 4/10
  2526 | D:3      | Found a runed translucent door.
  2527 | D:3      | Noticed Crazy Yiuf
  2537 | D:3      | Killed Crazy Yiuf
  2783 | D:4      | Noticed Ijyb
  2796 | D:4      | Killed Ijyb
  3027 | D:4      | Noticed Pikel
  3078 | D:4      | Found a bloodstained altar of Trog.
  3083 | D:4      | Found a burning altar of Makhleb.
  3161 | D:4      | Killed Pikel
  3162 | D:4      | Reached skill level 5 in Hexes
  3162 | D:4      | Reached skill level 5 in Ice Magic
  3162 | D:4      | Reached XP level 7. HP: 39/53 MP: 4/11
  3577 | D:4      | Reached XP level 8. HP: 59/60 MP: 5/12
  4037 | D:5      | Entered Level 5 of the Dungeon
  4417 | D:5      | Found a staircase to the Ecumenical Temple.
  4429 | Temple   | Entered the Ecumenical Temple
  4517 | Temple   | Became a worshipper of Dithmenos the Shadowed
  4553 | D:5      | Found Iwnelain's General Store.
  4559 | D:5      | Found Gyen's Jewellery Boutique.
  4559 | D:5      | Found Vetaurra's Jewellery Shoppe.
  4562 | D:5      | Found Oniexy's Antique Armour Emporium.
  4565 | D:5      | Found Oprilung's Jewellery Shop.
  4602 | D:5      | Bought a scroll of brand weapon for 133 gold pieces
  4611 | D:5      | Bought a runed robe for 122 gold pieces
  4721 | D:5      | Found a runed translucent door.
  4722 | D:5      | Noticed Leavold's ghost (amateur TeAE)
  4822 | D:5      | Found a runed translucent door.
  5373 | D:5      | Found an ornate altar of the Wu Jian Council.
  5497 | D:6      | Found Lugiom's Overcharged Wands.
  5609 | D:6      | Reached skill level 5 in Fighting
  5957 | D:6      | Identified the +0 leather armour of Analysis {Str+3 Dex+3}
  6118 | D:6      | Reached skill level 5 in Short Blades
  6118 | D:6      | Reached XP level 9. HP: 67/68 MP: 10/13
  6151 | D:6      | Reached * piety under Dithmenos
  6152 | D:6      | Reached skill level 5 in Dodging
  6750 | D:7      | Noticed Menkaure
  6753 | D:7      | Killed Menkaure
  7564 | D:6      | Learned a level 5 spell: Irradiate
  7584 | D:7      | Found a runed translucent gate.
  7585 | D:7      | Found a runed translucent gate.
  7587 | D:7      | Found a runed translucent gate.
  7590 | D:7      | Noticed rabbitsville's ghost (novice HOFi)
  7591 | D:7      | Noticed a spectral unseen horror
  7821 | D:7      | Reached ** piety under Dithmenos
  8054 | D:7      | Reached XP level 10. HP: 77/77 MP: 17/17
  8249 | D:8      | Reached skill level 5 in Spellcasting
  8414 | D:8      | Noticed a two-headed ogre
  8433 | D:8      | Killed a two-headed ogre
  8434 | D:8      | Reached skill level 1 in Armour
  8434 | D:8      | Reached skill level 1 in Conjurations
  8583 | D:8      | Found a runed translucent door.
  8637 | D:8      | Found the +10 tower shield of Ignorance {rN+ Int-4}
  8640 | D:8      | Noticed an orange crystal statue
  8716 | D:8      | Found a runed translucent door.
  8801 | D:8      | Noticed Erica
  8803 | D:8      | Found a snail-covered altar of Cheibriados.
  8813 | D:8      | Killed Erica
  8814 | D:8      | Reached skill level 1 in Evocations
  9005 | D:8      | Found a glowing silver altar of Zin.
  9170 | D:9      | Found a radiant altar of Vehumet.
  9174 | D:9      | Noticed a two-headed ogre
  9181 | D:9      | Killed a two-headed ogre
  9182 | D:9      | Reached skill level 2 in Transmutations
  9349 | D:9      | Found a hide-covered altar of Uskayaw.
  9419 | D:9      | Reached skill level 3 in Transmutations
  9489 | D:9      | Reached XP level 11. HP: 80/83 MP: 15/18
  9744 | D:9      | Reached skill level 4 in Transmutations
  9949 | D:10     | Entered Level 10 of the Dungeon
 10241 | D:10     | Reached skill level 5 in Transmutations
 10301 | D:10     | Noticed a two-headed ogre
 10310 | D:10     | Killed a two-headed ogre
 10311 | D:10     | Reached skill level 5 in Evocations
 10496 | D:10     | Found a sparkling altar of Nemelex Xobeh.
 10593 | D:10     | Found a hazy altar of Hepliaklqana.
 11009 | D:11     | Reached skill level 6 in Transmutations
 11043 | D:11     | Noticed a cyclops
 11056 | D:11     | Killed a cyclops
 11179 | D:11     | Reached *** piety under Dithmenos
 11322 | D:11     | Reached skill level 7 in Transmutations
 11350 | D:11     | Found a staircase to the Lair.
 11448 | D:11     | Noticed a two-headed ogre
 11452 | D:11     | Killed a two-headed ogre
 11519 | D:11     | You fall into a shaft and drop 1 floor!
 11519 | D:12     | Found a staircase to the Orcish Mines.
 11741 | D:12     | Noticed a deep elf pyromancer
 11750 | D:12     | Killed a deep elf pyromancer
 11813 | D:12     | Reached XP level 12. HP: 91/91 MP: 14/19
 11841 | D:12     | Reached skill level 8 in Transmutations
 11985 | D:12     | Found a radiant altar of Vehumet.
 12629 | Lair:1   | Entered Level 1 of the Lair of Beasts
 12748 | Lair:1   | Reached skill level 10 in Short Blades
 12872 | Lair:1   | Reached skill level 9 in Transmutations
 13158 | Lair:1   | Identified the +6 chain mail of Refuge {Str+3 Int+3 Slay-4}
 13310 | Lair:1   | Found a shimmering blue altar of Sif Muna.
 14228 | Lair:2   | Reached skill level 10 in Transmutations
 14243 | Lair:2   | Found a staircase to the Shoals.
 14474 | Lair:2   | Reached **** piety under Dithmenos
 14761 | Lair:2   | Reached skill level 11 in Transmutations
 14929 | Lair:2   | Reached XP level 13. HP: 91/99 MP: 13/20
 16056 | Lair:3   | Reached skill level 12 in Transmutations
 16209 | Lair:3   | Identified the +3 robe of the Blind Marksman {rN+ Regen+
                  | Int+2}
 16300 | Lair:3   | Found a hole to the Spider Nest.
 16430 | Lair:3   | You fall into a shaft and drop 2 floors!
 16430 | Lair:5   | Entered Level 5 of the Lair of Beasts
 16449 | Lair:5   | Identified the +5 scale mail of Liberty {Str+3}
 16472 | Lair:4   | Reached skill level 10 in Stealth
 17277 | D:12     | Reached ***** piety under Dithmenos
 18260 | Lair:4   | Found a viscous altar of Jiyva.
 18260 | Lair:4   | Found a staircase to the Slime Pits.
 18285 | Lair:4   | Reached skill level 10 in Dodging
 18337 | Lair:4   | Reached skill level 5 in Conjurations
 18459 | Lair:4   | Identified the +0 spear of Toothy Defence {freeze, rCorr}
 19068 | Lair:4   | Found a broken altar of Ashenzari.
 19327 | Lair:5   | Reached XP level 14. HP: 108/108 MP: 24/24
 19334 | Lair:4   | HP: 4/108 [skyshark (10)]
 19334 | Lair:4   | Slain by a skyshark

Illustrated notes

Levels and vault maps discovered:
D:1:      minmay_arrival_open_corners, layout_loops_ring,
          minmay_misc_feat_columns
D:2:      layout_loops_cross
D:3:      layout_rooms, serial_aquarium, aquarium_bridge_long_separate
          [aquarium_subvault_bridge, aquarium_subvault_wall,
          aquarium_subvault_bridge, aquarium_subvault_window,
          aquarium_subvault_bridge, aquarium_subvault_bridge],
          aquarium_bridge_square [aquarium_subvault_bridge,
          aquarium_subvault_bridge, aquarium_subvault_bridge,
          aquarium_subvault_bridge], aquarium_window_2, aquarium_window_fake,
          aquarium_window_2, aquarium_window_corner, aquarium_view_2d,
          aquarium_view_2a, aquarium_pool_side, uniq_sigmund, uniq_robin,
          uniq_crazy_yiuf_cottage
D:4:      layout_rooms, minitemple, uniq_ijyb, uniq_pikel
D:5:      layout_basic, nicolae_wu_jian_immortal_techniques,
          minmay_temple_entry_sparse_star, ebering_ghost_sewer_f,
          nicolae_shop_national_dungeon_mall, guppyfry_early_orc_mine
D:6:      layout_layer_cave, chequers_serial_rivers_marsh,
          minmay_misc_feat_square, nicolae_shop_overcharged_wands
D:7:      layout_gridville, gammafunk_ghost_necromancy, kennysheep_small_square,
          uniq_menkaure
D:8:      layout_loops_cross, nicolae_overflow_hidden_temple,
          kennysheep_little_box, chequers_guarded_unrand_ignorance, uniq_erica
D:9:      layout_loops_ring, mainiacjoe_overflow_surrounded_room,
          lemuel_crystal_altar
D:10:     layout_loops_cross, mainiacjoe_overflow_alcove_2,
          nemelex_spade_bored_becter
D:11:     layout_roguey, minmay_lair_entry_grove
D:12:     layout_loops_ring, david_orc_1_choice,
          hangedman_abyss_or_decor_clamps, fiery_altar_vehumet
Temple:   compressed_dpeg_triangle_lava_temple
Lair:1:   layout_regular_city, basic_altar
Lair:2:   layout_hall_layers, nicolae_shoals_entry_roost,
          infiniplex_staircase_pool
Lair:3:   layout_chaotic_city, hellmonk_spider_entry_life_and_decay,
          infiniplex_staircase_pool_2, lemuel_fruit_fields
Lair:4:   layout_cave_pods, minmay_slime_entry_pillars, lemuel_centaur_altar
Lair:5:   hellmonk_lair_end_abyssal_woods, layout_hall_layers,
          grunt_megastairs_1

Skill      XL: |  1  2  3  4  5  6  7  8  9 10 11 12 13 |
---------------+----------------------------------------+-----
Ice Magic      | 1 2 4 5 |  5.0
Stealth        | 4 5 8 10 | 10.0
Spellcasting   | 3 4 5 6 |  6.9
Fighting       | 3 5 6 7 8 9 |  9.0
Hexes          | 5 6 7 8 9 |  9.0
Short Blades   | 5 6 9 10 | 10.0
Dodging        | 4 7 9 10 | 10.8
Armour         | 3 |  3.0
Conjurations   | 3 5 |  5.0
Evocations     | 4 5 |  5.0
Transmutations | 3 7 11 12 | 12.5

Action                     |  1- 3 |  4- 6 |  7- 9 | 10-12 | 13-15 || total
---------------------------+-------+-------+-------+-------+-------++-------
  Melee: Dagger            |    70 |   146 |   260 |   558 |   294 ||  1328
         Punch             |     1 |     1 |     7 |     9 |     3 ||    21
         Tailslap          |       |       |     2 |       |       ||     2
   Fire: Orcbow            |       |       |     1 |       |       ||     1
  Throw: Dart              |       |       |       |     3 |     3 ||     6
   Cast: Ensorcelled Hiber |     3 |    31 |    39 |   103 |   105 ||   281
         Tukima's Dance    |       |     1 |     5 |     5 |       ||    11
         Confusing Touch   |       |     3 |    15 |    35 |    11 ||    64
  Evoke: Wand              |       |       |     3 |     6 |       ||     9
    Use: Scroll            |       |     2 |     7 |    14 |     9 ||    32
         Potion            |       |       |     1 |       |     3 ||     4
   Stab: Sleeping          |    13 |    24 |    40 |    74 |    88 ||   239
         Confused          |       |     3 |    11 |    32 |    11 ||    57
         Distracted        |       |       |     3 |     2 |     1 ||     6
         Invisible         |       |       |     4 |       |       ||     4
 Armour: Robe              |    22 |    61 |    52 |       |    87 ||   222
         Acid dragon scale |       |       |    17 |    79 |     6 ||   102
         Leather armour    |       |       |     5 |       |       ||     5
  Dodge: Dodged            |    47 |    95 |   194 |   340 |   282 ||   958

Table legend: (Time is in decaauts)
 A = Elapsed time spent in this place.
 B = Non-inter-level travel time spent in this place.
 C = Inter-level travel time spent in this place.
 D = Time resting spent in this place.
 E = Time spent auto-exploring this place.
 F = Levels seen in this place.
 G = Mean time per level.
                   A        B        C        D        E       F      G
               +--------+--------+--------+--------+--------+-----+--------+
         Total |  18860 |  17832 |   1028 |   4415 |   9230 |  18 | 1047.8 |
       Dungeon |  13524 |  12906 |    618 |   3330 |   6745 |  12 | 1127.0 |
        Temple |    105 |     88 |     17 |      0 |      6 |   1 |  105.0 |
          Lair |   5230 |   4837 |    393 |   1085 |   2478 |   5 | 1046.0 |
               +--------+--------+--------+--------+--------+-----+--------+

Top non-repeatable levels by time:
     D:6: 1474 daAuts
    D:12: 1465 daAuts
  Lair:1: 1418 daAuts
  Lair:2: 1417 daAuts
     D:4: 1335 daAuts
     D:3: 1269 daAuts
    D:11: 1267 daAuts
     D:5: 1220 daAuts
  Lair:4: 1194 daAuts
  Lair:3: 1169 daAuts
     D:7: 1142 daAuts
    D:10: 1074 daAuts
     D:8: 908 daAuts
     D:2: 900 daAuts
     D:9: 863 daAuts
